 Dungeon Crawl Stone Soup version 0.23.2-40-g277498a001 (webtiles) character file.

Game seed: 6046070347669638486

128 Hylith the Grave Robber (level 5, -1/45 HPs)
             Began as a Ghoul Necromancer on Sept 19, 2019.
             Slain by a centaur
             ... wielding a +0 club
              (8 damage)
             ... on level 3 of the Dungeon.
             The game lasted 00:05:57 (3042 turns).

Hylith the Grave Robber (Ghoul Necromancer)         Turns: 3042, Time: 00:05:58

Health: -1/45      AC:  3    Str: 13    XL:     5   Next: 12%
Magic:  3/7        EV: 11    Int: 10    God:
Gold:   124        SH:  3    Dex:  9    Spells: 7/8 levels left

rFire    . . .     SeeInvis .   g - +2 whip (freeze)
rCold    + . .     Gourm    .   l - +0 buckler
rNeg     + + +     Faith    .   a - +0 robe
rPois    ∞         Spirit   .   (no helmet)
rElec    .         Reflect  .   (no cloak)
rCorr    .         Harm     .   d - +0 pair of gloves
MR       .....                  (no boots)
Stlth    ++........             (no amulet)
HPRegen  0.00/turn              (no ring)
MPRegen  0.10/turn              (no ring)

@: rotting
A: rotting body, claws 1, carnivore, cold resistance 1, negative energy
resistance 3, inhibited regeneration, torment resistance, unbreathing
a: no special abilities


You were on level 3 of the Dungeon.
You were not hungry.

You visited 1 branch of the dungeon, and saw 3 of its levels.

You collected 124 gold pieces.

Inventory:

Hand Weapons
 g - a +2 whip of freezing (weapon)
Armour
 a - a +0 robe (worn)
 d - a +0 pair of gloves (worn)
 l - a +0 buckler (worn)
Wands
 n - a wand of random effects (12)
Scrolls
 e - 3 scrolls of amnesia {unknown}
 h - a scroll of magic mapping {unknown}
 i - 3 scrolls of identify {unknown}
 j - a scroll of fog {unknown}
 m - a scroll of remove curse {unknown}
Potions
 f - a potion of heal wounds {unknown}
 k - a potion of agility {unknown}
Comestibles
 b - a chunk of flesh
 c - 12 rations


   Skills:
 + Level 3.3 Fighting
 - Level 2.0 Dodging
 - Level 2.1 Stealth
 * Level 1.7 Shields
 * Level 1.9 Unarmed Combat
 - Level 2.0 Spellcasting
 - Level 4.0 Necromancy


You had 7 spell levels left.
You knew the following spells:

 Your Spells              Type           Power        Failure   Level  Hunger
a - Pain                  Necr           #...         8%          1    ##.....

Your spell library contained the following spells:

 Spells                   Type           Power        Failure   Level  Hunger
 Animate Skeleton         Necr           N/A          8%          1    ##.....
 Vampiric Draining        Necr           #.........   24%         3    ####...
 Regeneration             Chrm/Necr      #.........   47%         3    ####...
 Animate Dead             Necr           N/A          61%         4    #####..


Dungeon Overview and Level Annotations

Branches:
Dungeon (3/15)

Altars:


Innate Abilities, Weirdness & Mutations

Your body is rotting away.
You thrive on raw meat.
You are immune to poison.
You have sharp fingernails.
You are carnivorous and can eat meat at any time.
Your flesh is cold resistant. (rC+)
You are immune to negative energy. (rN+++)
You do not regenerate when monsters are visible.
You are immune to unholy pain and torment.
You can survive without breathing.


Message History

* * * LOW HITPOINT WARNING * * *
Casting: Pain (safe; 8% risk of failure)
Confirm with . or Enter, or press ? or * to list all spells.
Aiming: Pain (safe; 8% risk of failure)
Press: ? - help, Shift-Dir - straight line, f/p - centaur
Aim: a centaur, wielding a +0 shortbow (moderately wounded, chance to defeat MR: 60%)
The centaur resists with significant effort.
The centaur shoots an arrow.
The arrow hits you.
* * * LOW HITPOINT WARNING * * *
The centaur shoots an arrow.
The arrow closely misses you.
The centaur shoots an arrow.
You block the arrow.
The centaur unwields a +0 shortbow.
The centaur wields a +0 club.
The centaur hits you but does no damage.
Casting: Pain (safe; 8% risk of failure)
Confirm with . or Enter, or press ? or * to list all spells.
Aiming: Pain (safe; 8% risk of failure)
Press: ? - help, Shift-Dir - straight line, f/p - centaur
Aim: a centaur, wielding a +0 club (moderately wounded, chance to defeat MR: 60%)
The centaur writhes in agony.
The centaur hits you with a +0 club!
You die...

.............?........##
.......................
......................#
................!.....#
......................#
..............?.....((##
...................(.(.#
....................?..##
...............c@.......#
......................#.#
......................#.##
...................[..#..#
......................##.#
.....)................##.#
.(....................##.#
......................##..
......................###..


You could see a centaur.

Vanquished Creatures
  A jelly (D:1)
  3 adders
  2 worms (D:2)
  6 dart slugs
  A leopard gecko (D:1)
  2 orcs (D:3)
  A ball python (D:3)
  9 bats
  3 giant cockroaches (D:3)
  5 goblins
  3 hobgoblins
  2 jackals
  A quokka (D:3)
  A frilled lizard (D:1)
  5 kobolds
  7 rats
52 creatures vanquished.

Notes
Turn   | Place    | Note
-------+----------+-------------------------------------------
     0 | D:1      | Hylith the Ghoul Necromancer began the quest for the Orb.
     0 | D:1      | Reached XP level 1. HP: 14/14 MP: 2/2
   133 | D:1      | Reached XP level 2. HP: 13/22 MP: 3/3
   163 | D:1      | Reached skill level 1 in Unarmed Combat
   355 | D:1      | Reached skill level 1 in Fighting
   908 | D:2      | Reached XP level 3. HP: 6/29 MP: 5/5
  1660 | D:1      | Reached skill level 1 in Shields
  1660 | D:1      | Reached XP level 4. HP: 12/36 MP: 6/6
  2307 | D:3      | Noticed a centaur
  2776 | D:3      | Reached XP level 5. HP: 18/45 MP: 0/7
  3042 | D:3      | Slain by a centaur

Skill      XL: |  1  2  3  4 |
---------------+-------------+-----
Dodging        | 2 |  2.0
Spellcasting   | 2 |  2.0
Unarmed Combat | 1 |  1.9
Fighting       | 2 3 |  3.3
Shields        | 1 |  1.7
Stealth        | |  2.1
Necromancy     | |  4.0

Action                   |  1- 3 |  4- 6 || total
-------------------------+-------+-------++-------
Melee: Unarmed           |    17 |       ||    17
       Whip              |    60 |    92 ||   152
 Cast: Pain              |       |    10 ||    10
 Stab: Sleeping          |     8 |     1 ||     9
  Eat: Chunk             |     4 |     3 ||     7
Armor: Robe              |    11 |    19 ||    30
Dodge: Dodged            |    37 |    57 ||    94
Block: Buckler           |     3 |    14 ||    17
